 Dungeon Crawl Stone Soup version 0.31-a0-177-g4aa6249778 (webtiles) character file.

Game seed: 3307963903242138317

6229 AlmostDecent the Frost Mage (level 10, -4/76 HPs)
             Began as a Gnoll Ice Elementalist on June 18, 2023.
             Was a Priest of Vehumet.
             Slain by Gastronok (32 damage)
             ... on level 9 of the Dungeon.
             The game lasted 00:32:49 (10249 turns).

AlmostDecent the Frost Mage (GnIE)                 Turns: 10249, Time: 00:32:50

Health: -4/76      AC:  5    Str:  8    XL:     10   Next: 92%
Magic:  17/21      EV: 15    Int: 18    God:    Vehumet [***...]
Gold:   453        SH:  0    Dex: 13    Spells: 5/24 levels left

rFire   . . .        p - +5 battleaxe (spect)
rCold   . . .        (shield currently unavailable)
rNeg    . . .        a - +0 robe
rPois   .            (no helmet)
rElec   .            q - +2 cloak {rCorr}
rCorr   +            (no gloves)
SInv    .            (no boots)
Will    .....        (no amulet)
Stlth   +++          w - ring of flight
HPRegen 0.32/turn    (no ring)
MPRegen 0.17/turn

%: no passive effects
@: freezing walls, flying, slowed, very slow
A: fangs 1, strong nose, distributed training
a: Renounce Religion


You were on level 9 of the Dungeon.
You worshipped Vehumet.
Vehumet was most pleased with you.
You visited 2 branches of the dungeon, and saw 10 of its levels.
You also visited: Bailey.

You collected 531 gold pieces.
You spent 78 gold pieces at shops.

Inventory:

Hand Weapons
 d - a +0 short sword
 e - a +1 whip of flaming
 p - a +5 spectral battleaxe (weapon)
 t - a +0 heavy falchion
Armour
 a - a +0 robe (worn)
 k - a +0 buckler
 q - a +2 cloak of preservation (worn)
Jewellery
 w - a ring of flight (left hand)
 x - an amulet of guardian spirit
 z - a ring of protection from fire
Wands
 n - a wand of iceblast (10)
Scrolls
 g - 3 scrolls of amnesia
 h - 4 scrolls of teleportation
 j - 2 scrolls of fog
 m - 2 scrolls of enchant weapon
 o - 3 scrolls of enchant armour
 y - a scroll of revelation
Potions
 b - 2 potions of magic
 c - a potion of mutation {unknown}
 f - 2 potions of might
 i - 3 potions of lignification
 l - a potion of brilliance {unknown}
 r - 2 potions of degeneration {unknown}
 s - a potion of haste
 u - 2 potions of curing {unknown}
 v - 3 potions of heal wounds


   Skills:
 + Level 5.9 Fighting
 + Level 5.9 Short Blades
 + Level 5.9 Long Blades
 + Level 5.9 Axes
 + Level 5.9 Maces & Flails
 + Level 5.9 Polearms
 + Level 5.9 Staves
 + Level 5.9 Ranged Weapons
 + Level 5.9 Throwing
 + Level 5.9 Armour
 + Level 7.6 Dodging
 + Level 7.3 Stealth
 + Level 5.9 Shields
 + Level 5.9 Unarmed Combat
 + Level 7.9 Spellcasting
 + Level 4.9 Conjurations
 + Level 4.9 Hexes
 + Level 4.9 Summonings
 + Level 4.9 Necromancy
 + Level 4.9 Translocations
 + Level 4.9 Transmutations
 + Level 4.9 Fire Magic
 + Level 8.7 Ice Magic
 + Level 4.9 Air Magic
 + Level 4.9 Earth Magic
 + Level 4.9 Poison Magic
 + Level 6.5 Invocations
 + Level 5.9 Evocations


You had 5 spell levels left.
You knew the following spells:

 Your Spells              Type           Power      Damage    Failure   Level
a - Freeze                Ice            100%       1d10      1%          1
b - Frozen Ramparts       Ice            76%        1d12      1%          3
c - Ozocubu's Armour      Ice            38%        N/A       1%          3
d - Summon Ice Beast      Ice/Summ       31%        N/A       6%          4
e - Swiftness             Air            24%        N/A       3%          3
f - Freezing Cloud        Conj/Ice/Air   14%        6-21      6%          5

Your spell library contained the following spells:

 Spells                   Type           Power      Damage    Failure   Level
 Mephitic Cloud           Conj/Pois/Air  24%        N/A       1%          3
 Shock                    Conj/Air       96%        1d9       1%          1
 Slow                     Hex            96%        N/A       1%          1
 Cigotuvi's Dreadful Rot  Necr/Pois/Air  48%        N/A       1%          2
 Dazzling Flash           Conj/Hex       48%        N/A       1%          3
 Hailstorm                Conj/Ice       31%        3d8       1%          3
 Ignite Poison            Fire/Tmut/Pois 24%        N/A       1%          3
 Stone Arrow              Conj/Erth      48%        3d10      1%          3
 Volatile Blastmotes      Fire/Tloc      48%        2d14      1%          3
 Confusing Touch          Hex            24%        N/A       3%          3
 Vampiric Draining        Necr           24%        2d7       3%          3
 Vhi's Electric Charge    Tloc/Air       48%        N/A       3%          3
 Airstrike                Air            12%        2d(2-18)  3%          4
 Iskenderun's Mystic Bla  Conj/Tloc      24%        2d7       3%          4
 Arcjolt                  Conj/Air       12%        1d22      10%         5
 Animate Armour           Summ/Erth      48%        N/A       13%         4
 Summon Mana Viper        Hex/Summ       24%        N/A       34%         5
 Starburst                Conj/Fire      12%        6d5       43%         6
 Monstrous Menagerie      Summ           12%        N/A       100%        7
 Lehudib's Crystal Spear  Conj/Erth      12%        10d4      100%        8
 Maxwell's Capacitive Co  Air            12%        ∞         100%        8


Dungeon Overview and Level Annotations

Branches:
Dungeon (9/15)             Temple (1/1) D:4          Bailey (visited)
   Lair: D:8-11         Orc: D:9-12

Altars:
Ashenzari
Cheibriados
Elyvilon
Gozag
Hepliaklqana
Kikubaaqudgha
Makhleb
Nemelex Xobeh
Qazlal
Sif Muna
Trog
Uskayaw
Vehumet
Yredelemnul
The Shining One

Shops:
D:2 ?   D:6 :   D:7 :

Annotations:
D:9 Gastronok


Innate Abilities, Weirdness & Mutations

You have very sharp teeth.
Your uncanny sense of smell can sniff out nearby items.
Your experience applies equally to all skills.


Message History

The arrow completely misses you.
The centaur shoots an arrow.
The arrow misses you.
The centaur shoots an arrow.
The arrow closely misses you.
Gastronok bubbles merrily.
Casting: Frozen Ramparts (safe; 1% risk of failure)
Confirm with . or Enter, or press ? or * to list all spells.
Casting: Frozen Ramparts (safe; 1% risk of failure)
Press: ? - help, Dir - look around, f - activate The walls around you are covered in ice.
The wall freezes the centaur.
The centaur shoots an arrow.
The arrow hits you!
The wall freezes the centaur.
The centaur shoots an arrow.
The arrow closely misses you.
The wall freezes the centaur.
The centaur shoots an arrow.
The arrow closely misses you.
The wall freezes the centaur but does no damage.
The wall freezes the centaur.
The centaur unwields a +0 orcbow.
The centaur wields a +2 quarterstaff of speed.
The centaur hits you with a +2 quarterstaff of speed!
The centaur misses you.
You barely miss the centaur.
The centaur is heavily wounded.
You hit Gastronok.
Your +5 spectral battleaxe barely misses the centaur.
Your +5 spectral battleaxe hits Gastronok. x2
Your +5 spectral battleaxe hits the centaur.
The wall freezes the centaur!
You kill the centaur!
Vehumet accepts your kill.
You feel your power returning.
Gastronok bites your +5 spectral battleaxe.
Your spectral weapon shares its damage with you!
You slash Gastronok!
Gastronok is heavily wounded.
Your +5 spectral battleaxe hits Gastronok!
Gastronok's eyestalks stretch out, then return to normal size.
You hit Gastronok.
Gastronok is severely wounded.
Your +5 spectral battleaxe hits Gastronok.
Gastronok bites you!!
You die...

<.............##.# #...#.#
.#............##.#.### ##[###.#
..............##.# ...####..# #.#
###...........##.# #..##..## #.#
+.......########.# #.#..#####<#
###.....########.#####........###
# #.....#.....................+ #
#.....#.....[..#######>.....#
#.....#.......@# #.######
#.....#......w(# #.# ∆
#.....#........# #.#
#.....#........# ..#
#.....#######... ### #.....# #...
#.....# #... ####### ##...


You could see Gastronok (swift) and a friendly +5 spectral battleaxe.

Vanquished Creatures
  Pikel (D:6)
  Prince Ribbit (Bailey)
  A yak (D:8)
  2 wyverns
  4 humans
  3 hogs (D:8)
  A water moccasin (D:8)
  An orc warrior (D:5)
  3 ice beasts
  A sky beast (D:7)
  2 black bears (D:6)
  An ogre (D:4)
  4 centaurs
  A phantom (D:6)
  A kobold brigand (D:9)
  9 bullfrogs (Bailey)
  A gnoll sergeant (D:6)
  A scorpion (D:5)
  8 wights
  18 killer bees
  4 howler monkeys
  A crimson imp (D:4)
  2 orc priests (D:8)
  3 hounds
  3 jellies
  2 gnoll boudas
  2 sleepcaps
  2 iguanas
  3 orc wizards
  19 gnolls
  3 adders
  3 shadow imps
  2 white imps
  An ufetubus (D:5)
  A worm (D:3)
  3 dart slugs
  19 orcs
  8 endoplasms
  4 giant cockroaches
  9 goblins
  3 hobgoblins
  3 quokkas
  3 ball pythons
  7 bats
  2 frilled lizards (D:1)
  A goblin skeleton (D:4)
  2 goblin zombies (D:4)
  3 hobgoblin zombies (D:4)
  10 kobolds
  3 kobold skeletons (D:4)
  An orc skeleton (D:4)
  An orc zombie (D:4)
  3 rats
200 creatures vanquished.

Vanquished Creatures (others)
  A spectral weapon (D:7)
1 creature vanquished.

Grand Total: 201 creatures vanquished

Notes
Turn   | Place    | Note
-------+----------+-------------------------------------------
     0 | D:1      | AlmostDecent the Gnoll Ice Elementalist began the quest for
                  | the Orb.
     0 | D:1      | Reached XP level 1. HP: 13/13 MP: 6/6
   190 | D:1      | Found a faded altar of an unknown god.
   352 | D:1      | Reached XP level 2. HP: 19/19 MP: 4/7
  1203 | D:2      | Found a broken altar of Ashenzari.
  1398 | D:2      | Reached skill level 5 in Spellcasting
  1398 | D:2      | Reached XP level 3. HP: 25/25 MP: 6/9
  1504 | D:2      | Learned a level 3 spell: Frozen Ramparts
  1508 | D:2      | Learned a level 3 spell: Ozocubu's Armour
  1786 | D:2      | Found Kelei's Magic Scroll Emporium.
  1792 | D:2      | Bought 3 scrolls of identify for 78 gold pieces
  2169 | D:3      | Reached skill level 1 in Invocations
  2453 | D:3      | Reached skill level 1 in Fighting
  2453 | D:3      | Reached skill level 1 in Short Blades
  2453 | D:3      | Reached skill level 1 in Long Blades
  2453 | D:3      | Reached skill level 1 in Axes
  2453 | D:3      | Reached skill level 1 in Maces & Flails
  2453 | D:3      | Reached skill level 1 in Polearms
  2453 | D:3      | Reached skill level 1 in Staves
  2453 | D:3      | Reached skill level 1 in Ranged Weapons
  2453 | D:3      | Reached skill level 1 in Throwing
  2453 | D:3      | Reached skill level 1 in Armour
  2453 | D:3      | Reached skill level 1 in Shields
  2453 | D:3      | Reached skill level 1 in Unarmed Combat
  2453 | D:3      | Reached skill level 1 in Evocations
  2453 | D:3      | Reached XP level 4. HP: 24/32 MP: 9/11
  2780 | D:3      | Reached skill level 1 in Conjurations
  2780 | D:3      | Reached skill level 1 in Hexes
  2780 | D:3      | Reached skill level 1 in Summonings
  2780 | D:3      | Reached skill level 1 in Necromancy
  2780 | D:3      | Reached skill level 1 in Translocations
  2780 | D:3      | Reached skill level 1 in Transmutations
  2780 | D:3      | Reached skill level 1 in Fire Magic
  2780 | D:3      | Reached skill level 1 in Air Magic
  2780 | D:3      | Reached skill level 1 in Earth Magic
  2780 | D:3      | Reached skill level 1 in Poison Magic
  3446 | D:4      | Learned a level 4 spell: Summon Ice Beast
  3488 | D:4      | Found a snail-covered altar of Cheibriados.
  3521 | D:4      | Reached XP level 5. HP: 34/37 MP: 7/12
  3648 | D:4      | Noticed an ogre
  3659 | D:4      | Killed an ogre
  3660 | D:4      | Reached skill level 5 in Dodging
  3660 | D:4      | Reached XP level 6. HP: 26/44 MP: 4/14
  3759 | D:4      | Found an ancient bone altar of Kikubaaqudgha.
  3796 | D:4      | Found a glowing golden altar of the Shining One.
  4031 | D:4      | Found a staircase to the Ecumenical Temple.
  4060 | Temple   | Entered the Ecumenical Temple
  4198 | Temple   | Became a worshipper of Vehumet
  4379 | D:4      | Learned a level 3 spell: Swiftness
  4536 | D:4      | Found a burning altar of Makhleb.
  4628 | D:5      | Entered Level 5 of the Dungeon
  4660 | D:5      | Reached XP level 7. HP: 50/51 MP: 6/15
  4953 | D:5      | Reached skill level 5 in Stealth
  5646 | D:6      | Noticed Pikel
  5655 | D:6      | Killed Pikel
  5656 | D:6      | Reached XP level 8. HP: 23/58 MP: 12/17
  5800 | D:6      | Found a hazy altar of Hepliaklqana.
  5966 | D:6      | Reached * piety under Vehumet
  5966 | D:6      | Offered knowledge of Foxfire by Vehumet.
  6174 | D:6      | Found Siumuo's Book Shoppe.
  6275 | D:6      | Reached XP level 9. HP: 10/65 MP: 14/18
  6526 | D:7      | Found a flagged portal.
  6533 | Bailey   | Entered a bailey
  6620 | Bailey   | Reached skill level 8 in Ice Magic
  6726 | Bailey   | Learned a level 5 spell: Freezing Cloud
  6769 | Bailey   | Reached skill level 5 in Invocations
  6958 | Bailey   | Noticed Prince Ribbit
  6958 | Bailey   | Noticed a vault guard
  6963 | Bailey   | Killed Prince Ribbit
  6966 | Bailey   | HP: 2/66 [vault guard/+0 broad axe (11)]
  7510 | D:7      | Offered knowledge of Searing Ray by Vehumet.
  7518 | D:7      | Reached ** piety under Vehumet
  7603 | D:7      | Reached skill level 5 in Fighting
  7603 | D:7      | Reached skill level 5 in Short Blades
  7603 | D:7      | Reached skill level 5 in Long Blades
  7603 | D:7      | Reached skill level 5 in Axes
  7603 | D:7      | Reached skill level 5 in Maces & Flails
  7603 | D:7      | Reached skill level 5 in Polearms
  7603 | D:7      | Reached skill level 5 in Staves
  7603 | D:7      | Reached skill level 5 in Ranged Weapons
  7603 | D:7      | Reached skill level 5 in Throwing
  7603 | D:7      | Reached skill level 5 in Armour
  7603 | D:7      | Reached skill level 5 in Shields
  7603 | D:7      | Reached skill level 5 in Unarmed Combat
  7603 | D:7      | Reached skill level 5 in Evocations
  7603 | D:7      | Reached XP level 10. HP: 30/74 MP: 17/20
  7896 | D:7      | Found Relisus's Tiny Tomes.
  8697 | D:8      | Offered knowledge of Mephitic Cloud by Vehumet.
  9068 | D:8      | HP: 3/74 [poisoned by a killer bee]
  9807 | D:9      | Reached *** piety under Vehumet
 10170 | D:9      | Noticed Gastronok
 10249 | D:9      | Slain by Gastronok

Illustrated notes

Levels and vault maps discovered:
D:1:      elethiomel_arrival_infinity_welcomes_careful_drivers, layout_basic,
          basic_ecumenical_altar, serial_corexii_hall,
          chequers_hall_statues_wall_a, corexii_hall_statues_i,
          corexii_leaking_fountain, kennysheep_decorative_pillar,
          minmay_tetromino_o4
D:2:      layout_basic, serial_shops, shop, basic_altar
D:3:      layout_loops_corners, chequers_decorated_corner,
          minmay_misc_feat_secret_circle, wad_floor_pattern_untrapped
D:4:      layout_basic, lemuel_doored_altar, nicolae_tso_besieged_by_evil,
          kennysheep_slug_shrine, lemuel_tele_altar, temple_pool_b
D:5:      layout_basic, minmay_small_thing
D:6:      layout_cave_pools, nicolae_hepliaklqana_hippocampus, serial_shops,
          nicolae_shop_crystal, uniq_pikel
D:7:      layout_loops_ring, enter_bailey_2, nicolae_ossuary_entry_plus,
          dreamdust_princess_bridge, nicolae_shop_i_like_small_books_too
D:8:      layout_cave_pools, grunt_livestock
D:9:      layout_basic, uniq_gastronok
Temple:   dpeg_chambers_temple

Skill      XL: |  1  2  3  4  5  6  7  8  9 10 |
---------------+-------------------------------+-----
Spellcasting   | 5 6 7 |  7.9
Invocations    | 1 2 3 4 5 6 |  6.5
Fighting       | 1 2 3 5 |  5.9
Short Blades   | 1 2 3 5 |  5.9
Long Blades    | 1 2 3 5 |  5.9
Axes           | 1 2 3 5 |  5.9
Maces & Flails | 1 2 3 5 |  5.9
Polearms       | 1 2 3 5 |  5.9
Staves         | 1 2 3 5 |  5.9
Ranged Weapons | 1 2 3 5 |  5.9
Throwing       | 1 2 3 5 |  5.9
Armour         | 1 2 3 5 |  5.9
Shields        | 1 2 3 5 |  5.9
Unarmed Combat | 1 2 3 5 |  5.9
Evocations     | 1 2 3 5 |  5.9
Conjurations   | 1 2 3 4 |  4.9
Hexes          | 1 2 3 4 |  4.9
Summonings     | 1 2 3 4 |  4.9
Necromancy     | 1 2 3 4 |  4.9
Translocations | 1 2 3 4 |  4.9
Transmutations | 1 2 3 4 |  4.9
Fire Magic     | 1 2 3 4 |  4.9
Air Magic      | 1 2 3 4 |  4.9
Earth Magic    | 1 2 3 4 |  4.9
Poison Magic   | 1 2 3 4 |  4.9
Dodging        | 5 6 7 |  7.6
Stealth        | 5 6 7 |  7.3
Ice Magic      | 8 |  8.7

Action                     |  1- 3 |  4- 6 |  7- 9 | 10-12 || total
---------------------------+-------+-------+-------+-------++-------
  Melee: Unarmed           |    18 |       |       |       ||    18
         Short sword       |     4 |    57 |       |       ||    61
         Bite              |       |     9 |     9 |    11 ||    29
         Battleaxe         |       |     6 |    90 |    83 ||   179
   Cast: Freeze            |    48 |    53 |     2 |       ||   103
         Frozen Ramparts   |       |     8 |    18 |    17 ||    43
         Ozocubu's Armour  |       |     2 |     3 |     3 ||     8
         Summon Ice Beast  |       |     1 |     3 |     5 ||     9
         Freezing Cloud    |       |       |     4 |       ||     4
         Swiftness         |       |       |     1 |       ||     1
    Use: Scroll            |     1 |     4 |     5 |     3 ||    13
         Potion            |     1 |       |     2 |       ||     3
   Stab: Sleeping          |     1 |     1 |     6 |     1 ||     9
         Distracted        |       |       |       |     2 ||     2
 Armour: Robe              |    14 |    15 |     9 |    32 ||    70
  Dodge: Dodged            |    35 |    73 |    71 |   120 ||   299

Table legend: (Time is in decaauts)
 A = Elapsed time spent in this place.
 B = Non-inter-level travel time spent in this place.
 C = Inter-level travel time spent in this place.
 D = Time resting spent in this place.
 E = Time spent auto-exploring this place.
 F = Levels seen in this place.
 G = Mean time per level.
                   A        B        C        D        E       F      G
               +--------+--------+--------+--------+--------+-----+--------+
         Total |  10330 |  10136 |    194 |   1316 |   7055 |  11 |  939.1 |
       Dungeon |   9488 |   9294 |    194 |    832 |   6933 |   9 | 1054.2 |
        Temple |    152 |    152 |      0 |      0 |    122 |   1 |  152.0 |
        Bailey |    689 |    689 |      0 |    484 |      0 |   1 |  689.0 |
               +--------+--------+--------+--------+--------+-----+--------+

Top non-repeatable levels by time:
     D:8: 1259 daAuts
     D:3: 1244 daAuts
     D:7: 1240 daAuts
     D:4: 1131 daAuts
     D:1: 1093 daAuts
     D:6: 1054 daAuts
     D:2: 1004 daAuts
     D:5: 872 daAuts
  Bailey: 689 daAuts
     D:9: 588 daAuts
  Temple: 152 daAuts
